AoeStats
← ccereal

Arabia

509346226Analyzed
2v2 RM · 6d ago on Sep 26, 2026· 19m 7s· 4 players
Game mode
Random Map
Map size
Medium (4 player)
Population
200
Speed
Normal
Resources
Standard
Victory
Conquest
Starting age
Dark Age
Ending age
Imperial Age
RankedLock teamsTeams togetherTeam positionsShared explorationLock speedFull tech treeHidden civsTurbo modeCheats
Victory
Defeat
🇫🇷 Shu · France
1750
+8
🇫🇷 Turks · France
1617
+13
🇹🇷 Muisca · Türkiye
1600
-12
🇧🇪 Byzantines · Belgium
1516
-9
ccereal
6:04 Loom
8:19 Feudal Age
9:17 Double-Bit Axe
17:08 Wheelbarrow
17:15 Forging
-2n+2q
6:43 Loom
8:47 Feudal Age
9:20 Double-Bit Axe
11:06 Loom
12:03 Fletching
19:09 Castle Age
17:26 Horse Collar
ayz1912
7:55 Loom
10:25 Feudal Age
11:14 Double-Bit Axe
15:44 Fletching
16:21 Padded Archer Armor
Kilian
6:06 Loom
9:01 Feudal Age
16:54 Double-Bit Axe
Connection lost

Rejoining the realm…

Still unreachable

The connection could not be restored.

Session expired

The server has moved on; the page needs a fresh start.